Unix NetHack Version 5.0.0-0 post-release - last build Jun 10 2026 00:39:30 (3ee93aec679c4c4259841fe613dc97188e26a321,branch:main).

Game began 2026-06-11 15:13:02, ended 2026-06-11 16:05:16.

ARFwashere, chaotic male elven Wizard

                                       .G..
                                       ..@..
                                       -..<.
                                         .f.

ARFwashere the Conjurer   St:12 Dx:12 Co:16 In:17 Wi:10 Ch:8  Chaotic
Dlvl:6  $:140 HP:0(29) Pw:32(40) AC:7  Xp:4 T:1789 

Latest messages:
 There are several more objects here.
 The kitten picks up a black gem.
 K - a scroll labeled PRIRUTSENIE.
 You have a little trouble lifting a pick-axe.  Continue? [ynq] (q) n
 The kitten bites the gnome.
 The gnome wields 5 daggers!
 In what direction? j
 You kill the gnome!
 You swap places with your kitten.
 I - a dagger (at the ready).
 I - 5 daggers (at the ready) (6 in total).
 What do you want to drop? [$a-hj-suvxzAEFH-K or ?*] u
 You drop a crude dagger.
 What do you want to ready? [- $I or ?*] I
 That ammunition is already readied!
 You hear rumbling in the distance.
 You hear rumbling in the distance.
 You hear rumbling in the distance.
 You descend the stairs.
 You miss the gnome.
 The kitten bites the gnome.
 The gnome misses!
 You hit the gnome.
 The kitten bites the gnome.
 The gnome is killed!
 The gnome wields a bow!
 The gnome drinks a sky blue potion!
 Suddenly you cannot see the gnome.
 You miss the gnome.
 The gnome misses!
 In what direction? k
 The spell hits the gnome king!
 The gnome hits!
 You kill the gnome!
 You miss the gnome king.
 You miss the gnome king.
 You are hit by an arrow.
 The gnome king hits!
 In what direction? l
 The spell hits the gnome lord!
 You kill the gnome lord!
 You are hit by an arrow!
 The gnome king hits!
 The gnome king hits!
 You die...
 Do you want your possessions identified? [ynq] (y) n
 Do you want to see your attributes? [ynq] (y) n
 Do you want an account of creatures vanquished? [ynaq] (y) n
 Do you want to see your conduct and achievements? [ynq] (y) n
 Do you want to see the dungeon overview? [ynq] (y) n

Inventory:
 Coins    ('$')
  $ - 140 gold pieces
 Weapons  (')')
  I - 6 +0 daggers (at the ready)
  a - a blessed +1 quarterstaff (weapon in hands)
 Armor    ('[')
  b - an uncursed +0 cloak of magic resistance (being worn)
  s - an uncursed +0 leather armor (being worn)
 Comestibles  ('%')
  r - a cursed food ration
 Scrolls  ('?')
  x - 2 uncursed scrolls of amnesia
  j - an uncursed scroll of confuse monster
  p - an uncursed scroll of enchant armor
  E - an uncursed scroll of gold detection
  K - an uncursed scroll of identify
  h - an uncursed scroll of teleportation
 Spellbooks  ('+')
  A - a blessed spellbook of force bolt
  l - an uncursed spellbook of haste self
  v - an uncursed spellbook of healing
  z - an uncursed spellbook of jumping
 Potions  ('!')
  J - a blessed potion of blindness
  g - 2 uncursed potions of extra healing
  f - 2 uncursed potions of full healing
  q - 2 uncursed potions of healing
  H - an uncursed potion of sickness
 Rings    ('=')
  e - an uncursed ring of polymorph
  d - an uncursed ring of shock resistance
 Wands    ('/')
  c - a wand of make invisible (0:4)
  F - a wand of polymorph (0:8)
 Tools    ('(')
  o - an uncursed bell
  n - an uncursed blindfold
  m - a magic marker (0:20)
  k - an uncursed skeleton key

ARFwashere the Wizard's attributes:

Background:
 You were a Conjurer, a level 4 male elven Wizard.
 You were chaotic, nominally on a mission for Anhur
 who was opposed by Ptah (lawful) and Thoth (neutral).
 You were right-handed.
 You were in the Gnomish Mines, on level 6.
 You entered the dungeon 1789 turns ago.
 You had 129 experience points, 31 more were needed to attain level 5.

Basics:
 You had 0 out of 29 hit points.
 You had 32 out of 40 energy points (spell power).
 Your armor class was 7.
 Your wallet contained 140 zorkmids.
 Autopickup was on for '$' plus thrown.

Final Characteristics:
 Your strength was 12 (limit:18).
 Your dexterity was 12 (limit:18).
 Your constitution was 16 (limit:16).
 Your intelligence was 17 (limit:20).
 Your wisdom was 10 (limit:20).
 Your charisma was 8 (limit:18).

Final Status:
 You weren't hungry.
 You were unencumbered.
 You were wielding a quarterstaff.
 You had basic skill with quarterstaff.

Final Attributes:
 You were devoutly aligned.
 You were magic-protected.
 You were sleep resistant.
 You had infravision.
 You were warded.
 You are dead.

Miscellaneous:
 You didn't encounter any bones levels.
 Total elapsed playing time was 52 minutes and 14 seconds.

Major events:
 Turn
    1: ARFwashere the chaotic male elven Wizard entered the dungeon
  997: attained the rank of Conjurer (level 3)
 1603: entered the Gnomish Mines
 1789: killed by a gnome king

Spells:
 Name                 Level Category     Fail Retention
 force bolt             1   attack         0%  91%-100%
 haste self             3   escape        88%  76%-100%
 healing                1   healing        0%  76%-100%
 jumping                1   escape         0%  76%-100%

Skills:
 Fighting Skills
   bare handed combat [Unskilled]
   riding             [Unskilled]
 Weapon Skills
   dagger             [Unskilled]
   knife              [Unskilled]
   axe                [Unskilled]
   short sword        [Unskilled]
   club               [Unskilled]
   mace               [Unskilled]
   quarterstaff       [Basic]
   polearms           [Unskilled]
   spear              [Unskilled]
   trident            [Unskilled]
   sling              [Unskilled]
   dart               [Unskilled]
   shuriken           [Unskilled]
 Spellcasting Skills
   attack spells      [Basic]
   healing spells     [Unskilled]
   divination spells  [Unskilled]
   enchantment spells [Basic]
   clerical spells    [Unskilled]
   escape spells      [Unskilled]
   matter spells      [Unskilled]

Voluntary challenges:
 Character rerolling was not enabled.
 You were an atheist.
 You never genocided any monsters.
 You never polymorphed an object.
 You never changed form.
 You used no wishes.
Achievements:
 You entered a shop.
 You attained the rank of Conjurer.
 You entered the Gnomish Mines.

 The Dungeons of Doom: levels 1 to 5
    Level 1:
       A fountain.
    Level 2:
       A ring shop, some fountains.
    Level 3:
       A general store, a fountain.
    Level 4:
       Some sinks.
       Stairs down to The Gnomish Mines.
    Level 5:
 The Gnomish Mines: levels 5 to 6
    Level 5:
    Level 6: <- You were here.
       Final resting place for
          you, killed by a gnome king.


Vanquished creatures:
  2 shriekers
  2 gnome leaders
  2 dwarves
 an iguana
 an acid blob
  3 coyotes
  2 giant rats
  a cave spider
  a brown mold
  2 yellow molds
  a green mold
  6 gnomes
  6 jackals
  a fox
  a kobold
  2 goblins
  3 grid bugs
  3 lichens
  2 kobold zombies
  2 newts
44 creatures vanquished.

No species were genocided or became extinct.

Game over:
                       ----------
                      /          \
                     /    REST    \
                    /      IN      \
                   /     PEACE      \
                  /                  \
                  |    ARFwashere    |
                  |      140 Au      |
                  |   killed by a    |
                  |    gnome king    |
                  |                  |
                  |                  |
                  |       2026       |
                 *|     *  *  *      | *
        _________)/\\_//(\/(/\)/\//\/|_)_______

Goodbye ARFwashere the Wizard...

You died in The Gnomish Mines on dungeon level 6 with 892 points,
and 140 pieces of gold, after 1789 moves.
You were level 4 with a maximum of 29 hit points when you died.

